 Dungeon Crawl Stone Soup version 0.30-a0-743-gbfdf073431 (webtiles) character file.

Game seed: 17138422807849725567

252 jimonade the Insei (level 6, -4/38 HPs)
             Began as an Octopode Transmuter on Feb 7, 2023.
             Succumbed to a scorpion's poison
             ... on level 3 of the Dungeon.
             The game lasted 00:04:03 (2357 turns).

jimonade the Insei (Octopode Transmuter)            Turns: 2357, Time: 00:04:04

Health: -4/38      AC:  1    Str: 11    XL:     6   Next: 14%
Magic:  9/10       EV: 13    Int: 16    God:
Gold:   145        SH:  0    Dex: 12    Spells: 9/10 levels left

rFire   + . .      SeeInvis .      - Unarmed
rCold   . . .      Faith    .    (no shield)
rNeg    . . .      Spirit   .    (helmet currently unavailable)
rPois   .          Reflect  .    (no amulet)
rElec   .          Harm     .    f - ring of protection from fire
rCorr   +          Rampage  .    m - ring of resist corrosion
Will    .....                    (no ring)
Stlth   +++                      (no ring)
HPRegen 0.26/turn                (no ring)
MPRegen 0.12/turn                (no ring)
                                 (no ring)
                                 (no ring)

@: lethally poisoned (-4 -> -23), appendages
A: tentacle spike 3, almost no armour, amphibious, 8 rings, camouflage 1,
gelatinous body 1, (nimble swimmer 1), tentacles
a: End Transformation


You were on level 3 of the Dungeon.
One of your tentacles had grown a beastly spike.
You visited 1 branch of the dungeon, and saw 3 of its levels.

You collected 145 gold pieces.

Inventory:

Hand Weapons
 b - a +2 sling of flaming
Missiles
 c - 6 silver boomerangs
 h - 2 poisoned darts
Jewellery
 f - a ring of protection from fire (left tentacle)
 m - a ring of resist corrosion (right tentacle)
Wands
 o - a wand of paralysis (9)
Scrolls
 d - 2 scrolls of noise {unknown}
 e - a scroll of magic mapping {unknown}
 g - 3 scrolls of teleportation {unknown}
 j - a scroll of blinking {unknown}
 l - a scroll of amnesia {unknown}
 p - a scroll of fog {unknown}
 q - a scroll of vulnerability {unknown}
 s - 5 scrolls of identify {unknown}
Potions
 a - 2 potions of lignification
 i - a potion of mutation {unknown}
 k - a potion of experience {unknown}
 n - a potion of curing {unknown}
 r - a potion of haste


   Skills:
 + Level 1.2 Fighting
 + Level 2.3 Dodging
 + Level 2.3 Stealth
 * Level 4.9 Unarmed Combat
 + Level 2.6 Spellcasting
 * Level 3.6 Transmutations


You had 9 spell levels left.
You knew the following spells:

 Your Spells              Type           Power      Damage    Failure   Level
a - Beastly Appendage     Tmut           26%        N/A       4%          1

Your spell library contained the following spells:

 Spells                   Type           Power      Damage    Failure   Level
 Wereblood                Tmut           13%        N/A       7%          2
 Spider Form              Tmut/Pois      7%         N/A       28%         3
 Ice Form                 Ice/Tmut       7%         N/A       67%         4


Dungeon Overview and Level Annotations

Branches:
Dungeon (3/15)

Altars:
Makhleb
Trog


Innate Abilities, Weirdness & Mutations

One of your tentacles has grown a beastly spike.
You cannot wear most types of armour.
You are amphibious.
You can wear up to eight rings at the same time.
Your skin changes colour to match your surroundings (Stealth+).
Your rubbery body absorbs attacks. (AC +1, EV +1)
((You are camouflaged when in or above water. (Stealth+)))
You have tentacles for arms and can constrict up to eight enemies at once.


Message History

The scorpion poisons you!
Your +2 sling of flaming stops flaming.
You are now empty-tentacled.
You feel sick. The scorpion stings you!
You are more poisoned.
The scorpion poisons you!
One of your tentacles grows a vicious spike.
You feel very sick.
The scorpion stings you but does no damage.
You closely miss the scorpion. You grab the scorpion.
You constrict the scorpion, but do no damage.
You feel very sick. The scorpion misses you.
You are too injured to fight recklessly!
You are too injured to fight recklessly!
You are too injured to fight recklessly!
You are too injured to fight recklessly!
You tentacle-slap the scorpion but do no damage.
You pierce the scorpion.
The scorpion is moderately wounded.
You constrict the scorpion, but do no damage.
You feel very sick. The scorpion stings you.
* * * LOW HITPOINT WARNING * * *
You are lethally poisoned!
The scorpion poisons you!
You tentacle-slap the scorpion but do no damage.
You pierce the scorpion.
You squeeze the scorpion, but do no damage.
The scorpion is heavily wounded.
You constrict the scorpion.
* * * LOW HITPOINT WARNING * * *
You feel very sick. The scorpion stings you.
* * * LOW HITPOINT WARNING * * *
You tentacle-slap the scorpion but do no damage.
You pierce the scorpion, but do no damage.
You squeeze the scorpion, but do no damage.
The scorpion is heavily wounded.
You constrict the scorpion, but do no damage.
You die...

#.......... #.#.# #.......##
##.......#.. #.#.###.......#
###......#.. #.#....#.......#
#######.#.>.. #.#.............
......... #.. #........##...##
#......... #..####........##.#..#
#..........#....##........##.#...
#..........#...s#........##
#..>............@........##
#..........#....#.#....<..##..
......... #........_..........
)........ #..............###.#
.######## ####....#..(.....# .#
#######.....#...##.... .#
.##...........##### ..... .#
.................... ....
.##.....#.............#.. ....


You could see a scorpion.

Vanquished Creatures
  A water moccasin (D:3)
  Natasha (thrice) (D:3)
  2 adders (D:2)
  A worm (D:3)
  A dart slug (D:2)
  2 orcs (D:3)
  5 ball pythons
  2 bats
  5 endoplasms
  A goblin (D:2)
  A hobgoblin (D:2)
  4 jackals (D:1)
  6 kobolds
  3 quokkas
  2 frilled lizards
  5 rats
44 creatures vanquished.

Notes
Turn   | Place    | Note
-------+----------+-------------------------------------------
     0 | D:1      | jimonade the Octopode Transmuter began the quest for the
                  | Orb.
     0 | D:1      | Reached XP level 1. HP: 13/13 MP: 3/3
   210 | D:1      | Reached XP level 2. HP: 15/18 MP: 3/5
   218 | D:1      | Reached skill level 1 in Stealth
   979 | D:2      | Reached XP level 3. HP: 23/23 MP: 4/6
  1781 | D:3      | Found a bloodstained altar of Trog.
  1859 | D:3      | Reached XP level 4. HP: 23/28 MP: 5/7
  1978 | D:3      | Noticed Natasha
  1987 | D:3      | Killed Natasha
  1988 | D:3      | Reached skill level 4 in Unarmed Combat
  2046 | D:3      | Found a burning altar of Makhleb.
  2046 | D:3      | Noticed a blizzard demon
  2065 | D:3      | Noticed a water moccasin
  2080 | D:3      | Killed a water moccasin
  2081 | D:3      | Reached XP level 5. HP: 8/33 MP: 8/8
  2169 | D:3      | Noticed Natasha
  2178 | D:3      | Killed Natasha
  2179 | D:3      | Reached XP level 6. HP: 23/38 MP: 7/9
  2186 | D:3      | Noticed Natasha
  2195 | D:3      | Killed Natasha
  2356 | D:3      | HP: 1/38 [scorpion (5)]
  2357 | D:3      | Succumbed to a scorpion's poison

Illustrated notes

Levels and vault maps discovered:
D:1:      dpeg_arrival_snail, layout_basic, minmay_ruptured
D:2:      layout_basic
D:3:      layout_rooms, mainiacjoe_overflow_concentric_impassable,
          makhleb_altar_promises_db, pdpol_wu_jian_five_deadly_venoms,
          bloody_trog, minivault_26, hangedman_abyss_or_decor_stabs,
          st_stairs_12, uniq_natasha

Skill      XL: |  1  2  3  4 |
---------------+-------------+-----
Stealth        | 1 2 |  2.3
Unarmed Combat | 4 |  4.9
Transmutations | 3 |  3.6
Fighting       | |  1.2
Dodging        | |  2.3
Spellcasting   | |  2.6

Action                     |  1- 3 |  4- 6 || total
---------------------------+-------+-------++-------
  Melee: Unarmed           |    65 |    35 ||   100
         Constrict         |    16 |     7 ||    23
         Kick              |    16 |     7 ||    23
         Tentacles         |    10 |     8 ||    18
         Punch             |       |     3 ||     3
   Cast: Beastly Appendage |    20 |     5 ||    25
   Stab: Sleeping          |     7 |     1 ||     8
 Armour: Skin              |     3 |     3 ||     6
  Dodge: Dodged            |    38 |    11 ||    49

Table legend: (Time is in decaauts)
 A = Elapsed time spent in this place.
 B = Non-inter-level travel time spent in this place.
 C = Inter-level travel time spent in this place.
 D = Time resting spent in this place.
 E = Time spent auto-exploring this place.
 F = Levels seen in this place.
 G = Mean time per level.
                   A        B        C        D        E       F      G
               +--------+--------+--------+--------+--------+-----+--------+
         Total |   2347 |   2280 |     67 |     80 |   1835 |   3 |  782.3 |
       Dungeon |   2347 |   2280 |     67 |     80 |   1835 |   3 |  782.3 |
               +--------+--------+--------+--------+--------+-----+--------+

Top non-repeatable levels by time:
     D:2: 973 daAuts
     D:1: 803 daAuts
     D:3: 570 daAuts
